 Dungeon Crawl Stone Soup version 0.24.0-123-gd5b16e6ec5 (webtiles) character file.

Game seed: 13388952550552858578, levelgen mode: deterministic

13713 Amplified the Fighter (level 12, -14/89 HPs)
             Began as an Octopode Ice Elementalist on Jan 26, 2020.
             Was an Elder of Vehumet.
             Demolished by an eight-headed hydra (15 damage)
             ... on level 1 of the Lair of Beasts.
             The game lasted 00:36:03 (17775 turns).

Amplified the Fighter (Octopode Ice Elementalist)  Turns: 17775, Time: 00:36:04

Health: -14/89     AC:  2    Str: 12    XL:     12   Next: 8%
Magic:  17/35      EV: 17    Int: 22    God:    Vehumet [****..]
Gold:   743        SH:  0    Dex: 12    Spells: 3/31 levels left

rFire    . . .     SeeInvis +   v - +2 whip (flame)
rCold    . . .     Gourm    +   (no shield)
rNeg     . . .     Faith    .   s - +1 hat {SInv}
rPois    .         Spirit   .   m - amulet of the gourmand
rElec    .         Reflect  .   q - ring of resist corrosion
rCorr    +         Harm     .   d - ring of magical power
MR       .....                  a - ring of see invisible
Stlth    +++.......             w - +4 ring of strength
HPRegen  0.24/turn              k - +4 ring of evasion
MPRegen  0.24/turn              (no ring)
                                (no ring)
                                (no ring)

@: no status effects
A: almost no armour, stealthy swim, amphibious, 8 rings, constrict 8, camouflage
1, gelatinous body 1
a: Renounce Religion


You were on level 1 of the Lair of Beasts.
You worshipped Vehumet.
Vehumet was greatly pleased with you.
You were very full.

You visited 2 branches of the dungeon, and saw 14 of its levels.
You also visited: Sewer.

You collected 743 gold pieces.

Inventory:

Hand Weapons
 v - a +2 whip of flaming (weapon)
 A - the +3 battleaxe "Xodael" {flame, +Fly rPois rC- Int-2}
   (You found it on level 11 of the Dungeon)

   It has been specially enchanted to burn those struck by it, causing extra
   injury to most foes and up to half again as much damage against particularly
   susceptible opponents.
   Big, fiery blades are also staple armaments of hydra-hunters.
   It affects your intelligence (-2).
   It makes you vulnerable to cold.
   It protects you from poison.
   It lets you fly.
 B - the cursed +0 falchion of Certain Death {protect, rElec rF- rC+ SInv}
   (You found it on level 11 of the Dungeon)

   It grants its wielder temporary protection when it strikes (+7 to AC).
   It makes you vulnerable to fire.
   It protects you from cold.
   It insulates you from electricity.
   It lets you see invisible.
   It has a curse placed upon it.
Missiles
 g - 446 stones (quivered)
 n - 83 bolts
 u - a throwing net
Armour
 r - a +0 large shield
 s - a +1 hat of see invisible (worn)
 F - a +2 shield of reflection
Jewellery
 a - a ring of see invisible (on tentacle)
 d - a ring of magical power (right tentacle)
 k - a +4 ring of evasion (on tentacle)
 m - an amulet of the gourmand (around mantle)
 q - a ring of resist corrosion (left tentacle)
 w - a +4 ring of strength (on tentacle)
Wands
 e - a wand of digging (3)
 f - a wand of random effects (38)
 l - a wand of flame (33)
 x - a wand of paralysis (9)
 y - a wand of disintegration (10)
 D - a wand of polymorph (7)
Scrolls
 h - 3 scrolls of remove curse
 i - 3 scrolls of immolation
 j - 4 scrolls of teleportation
 C - a scroll of identify
 E - a scroll of amnesia
Potions
 c - 2 potions of mutation
 o - 3 potions of heal wounds
 p - a potion of lignification
 t - a potion of haste
 z - 4 potions of curing
Comestibles
 b - 20 rations


   Skills:
 * Level 10.7 Fighting
 - Level 2.0 Dodging
 - Level 3.7 Stealth
 * Level 10.2 Spellcasting
 * Level 3.1 Conjurations
 * Level 2.8 Fire Magic
 - Level 7.0 Ice Magic
 - Level 9.9 Poison Magic


You had 3 spell levels left.
You knew the following spells:

 Your Spells              Type           Power        Failure   Level  Hunger
a - Freeze                Ice            ####         1%          1    None
b - Throw Frost           Conj/Ice       ####..       1%          2    None
c - Ozocubu's Armour      Chrm/Ice       ####....     4%          3    None
d - Ignite Poison         Fire/Tmut/Pois ####....     1%          3    None
e - Throw Icicle          Conj/Ice       ####....     1%          4    ##.....
f - Summon Ice Beast      Ice/Summ       ####....     14%         4    ##.....
g - Olgreb's Toxic Radia  Pois           ######..     1%          4    ##.....
h - Poisonous Vapours     Pois/Air       ####..       1%          2    None
i - Bolt of Magma         Conj/Fire/Erth ###.......   19%         5    ####...

Your spell library contained the following spells:

 Spells                   Type           Power        Failure   Level  Hunger
 Flame Tongue             Conj/Fire      ###..        1%          1    None
 Sting                    Conj/Pois      ####         1%          1    None
 Throw Flame              Conj/Fire      ###...       1%          2    None
 Conjure Flame            Conj/Fire      ###.....     1%          3    None
 Mephitic Cloud           Conj/Pois/Air  ####....     1%          3    None
 Inner Flame              Hex/Fire       ###.....     2%          3    None
 Summon Small Mammal      Summ           ##..         6%          1    None
 Call Imp                 Summ           ##......     9%          2    None
 Call Canine Familiar     Summ           ##......     19%         3    None
 Summon Guardian Golem    Hex/Summ       ##......     19%         3    None
 Venom Bolt               Conj/Pois      #####.....   3%          5    ####...
 Sticky Flame             Conj/Fire      ###.....     4%          4    ##.....
 Fireball                 Conj/Fire      ###.......   13%         5    ####...
 Yara's Violent Unravell  Hex/Tmut       ##........   38%         5    ####...
 Cause Fear               Hex            ##........   52%         4    ##.....
 Summon Lightning Spire   Summ/Air       ##......     52%         4    ##.....
 Silence                  Hex/Air        ##........   86%         5    ####...
 Deflect Missiles         Chrm/Air       ##........   100%        6    ######.
 Discord                  Hex            ##........   100%        8    #######


Dungeon Overview and Level Annotations

Branches:
Dungeon (13/15)            Temple (0/1) D:7            Lair (1/6) D:10
    Orc (0/2) D:12          Sewer (visited)
 Vaults: D:13-14

Altars:
Elyvilon
Ru
Vehumet
Zin
The Shining One
Jiyva

Shops:
D:13 :

Annotations:
D:7 2 runed translucent doors
D:8 3 runed translucent doors, SnubMonkey's ghost, novice GnNe
D:9 Hellwings!
D:10 2 transporters, Johnny's ghost, novice DgGl


Innate Abilities, Weirdness & Mutations

You cannot wear most types of armour.
You are very stealthy in the water. (Stealth+)
You are amphibious.
You can wear up to eight rings at the same time.
You can use your tentacles to constrict eight enemies at once.
Your skin changes colour to match your surroundings (Stealth+).
Your rubbery body absorbs attacks. (AC +1, EV +1)


Message History

* * * LOW HITPOINT WARNING * * *
The eight-headed hydra completely misses you.
The eight-headed hydra bites you!
* * * LOW HITPOINT WARNING * * *
Unknown command.
Unknown command.
Unknown command.
Okay, then.
A bullfrog comes into view.
The bullfrog moves out of view.
You feel much better. The eight-headed hydra bites you!
* * * LOW HITPOINT WARNING * * *
The eight-headed hydra bites you.
* * * LOW HITPOINT WARNING * * *
The eight-headed hydra completely misses you.
The eight-headed hydra bites you!
* * * LOW HITPOINT WARNING * * *
The eight-headed hydra completely misses you.
The eight-headed hydra bites you!
You die...

#.......##.#..#....##.#.
#.................######
........#P.######.## #
........#### #P..#####
....F...# ##.###.##
........### #P.......
..).....#.######........
..#P###.................
. ## #@#########.......
#DP# ##..}.... #.##
#........ #.# #
##....... #.#
##P#........ #..
............ #.##
###.#....... >.#
###....... ..# #.......


You could see an eight-headed hydra and a bullfrog.

Vanquished Creatures
  A two-headed ogre (D:12)
  2 unseen horrors
  Pikel (D:7)
  An ugly thing (D:11)
  A cyclops (D:11)
  2 centaur skeletons (D:11)
  A troll (D:13)
  Prince Ribbit (D:7)
  A hornet (D:12)
  Grinder (D:3)
  3 hippogriffs
  A vampire (D:11)
  10 yaks
  A human (D:7)
  4 hogs (D:7)
  2 basilisks (D:10)
  A steam dragon (D:8)
  A water moccasin (D:8)
  3 ice beasts
  4 porcupines (D:10)
  3 sky beasts
  A slave (D:7)
  3 black bears
  An orc warrior (D:6)
  A necrophage (D:10)
  A phantom (D:6)
  5 ogres
  8 centaurs
  A crocodile (D:10)
  7 bullfrogs
  2 scorpions
  11 killer bees (D:11)
  3 howler monkeys (D:11)
  3 crimson imps
  2 quasits
  8 hounds
  4 jellies
  4 orc wizards
  Crazy Yiuf (D:7)
  3 centaur zombies
  An orc priest (D:11)
  2 bullfrog skeletons
  A gnoll shaman (D:6)
  3 iguanas
  Ijyb (D:5)
  Terence (D:2)
  Natasha (thrice) (D:2)
  8 worker ants
  A killer bee zombie (D:7)
  An ogre zombie (D:12)
  A hound zombie (D:5)
  A hound skeleton (D:5)
  A howler monkey skeleton (D:7)
  7 gnolls
  13 adders
  4 shadow imps
  An ooze (D:3)
  6 worms
  2 adder skeletons (D:5)
  5 dart slugs
  5 leopard geckos
  18 orcs
  3 giant cockroaches
  8 goblins
  8 hobgoblins
  33 jackals
  12 kobolds
  9 quokkas
  2 ball pythons
  11 bats
  7 frilled lizards
  A goblin skeleton (D:12)
  A goblin zombie (D:12)
  2 orc zombies (D:12)
  2 quokka skeletons
  5 rats
  2 plants (Sewer)
306 creatures vanquished.

Vanquished Creatures (collateral kills)
  A two-headed ogre (D:8)
1 creature vanquished.

Vanquished Creatures (others)
  A hungry ghost (D:7)
  A fungus (D:10)
2 creatures vanquished.

Grand Total: 309 creatures vanquished

Notes
Turn   | Place    | Note
-------+----------+-------------------------------------------
     0 | D:1      | Amplified the Octopode Ice Elementalist began the quest for
                  | the Orb.
     0 | D:1      | Reached XP level 1. HP: 11/11 MP: 3/3
   121 | D:1      | Reached XP level 2. HP: 18/18 MP: 1/5
   444 | D:1      | Learned a level 2 spell: Throw Frost
   598 | D:1      | Reached XP level 3. HP: 17/22 MP: 4/6
   609 | D:1      | Learned a level 3 spell: Ozocubu's Armour
   683 | D:1      | Reached skill level 1 in Fighting
  1007 | D:2      | Noticed Terence
  1565 | D:3      | Found a glowing golden altar of the Shining One.
  1567 | D:3      | Found a radiant altar of Vehumet.
  1578 | D:3      | Reached XP level 4. HP: 15/28 MP: 2/7
  1593 | D:3      | Became a worshipper of Vehumet
  1704 | D:3      | Found a glowing drain.
  1731 | Sewer    | Entered a sewer
  2559 | Sewer    | Reached XP level 5. HP: 11/34 MP: 7/9
  3552 | D:3      | Reached * piety under Vehumet
  3552 | D:3      | Offered knowledge of Flame Tongue by Vehumet.
  3621 | D:3      | Reached XP level 6. HP: 25/41 MP: 11/11
  3983 | D:3      | Noticed Grinder
  3986 | D:3      | Paralysed by Grinder for 5 turns
  4439 | D:4      | Found a glowing silver altar of Zin.
  5144 | D:4      | Noticed a hippogriff
  5193 | D:4      | Killed a hippogriff
  5193 | D:4      | Reached skill level 5 in Ice Magic
  5193 | D:4      | Reached XP level 7. HP: 14/48 MP: 1/13
  5241 | D:4      | Offered knowledge of Magic Dart by Vehumet.
  5582 | D:5      | Entered Level 5 of the Dungeon
  6277 | D:6      | Reached ** piety under Vehumet
  6669 | D:6      | Reached XP level 8. HP: 54/54 MP: 15/15
  6843 | D:5      | Reached skill level 5 in Spellcasting
  7192 | D:5      | Reached skill level 5 in Fighting
  7947 | D:5      | Noticed Ijyb
  7966 | D:5      | Killed Ijyb
  8025 | D:5      | Found a sacrificial altar of Ru.
  8273 | D:3      | Killed Grinder
  8403 | D:2      | Killed Terence
  8520 | D:2      | Noticed Natasha
  8523 | D:2      | Offered knowledge of Ignite Poison by Vehumet.
  8538 | D:2      | Killed Natasha
  8547 | D:2      | Noticed Natasha
  8553 | D:2      | Killed Natasha
  8806 | D:2      | Noticed Natasha
  8812 | D:2      | Killed Natasha
  8812 | D:2      | Reached XP level 9. HP: 62/62 MP: 18/18
  8880 | D:2      | Learned a level 3 spell: Ignite Poison
  9036 | D:6      | Learned a level 4 spell: Throw Icicle
  9219 | D:6      | Reached skill level 1 in Poison Magic
  9953 | D:6      | Learned a level 4 spell: Summon Ice Beast
  9979 | D:7      | Reached *** piety under Vehumet
 10813 | D:6      | Offered knowledge of Dazzling Spray by Vehumet.
 11025 | D:7      | Noticed Prince Ribbit
 11034 | D:7      | Killed Prince Ribbit
 11108 | D:7      | Found a staircase to the Ecumenical Temple.
 11118 | D:7      | Noticed Pikel
 11142 | D:7      | Killed Pikel
 11142 | D:7      | Reached skill level 5 in Poison Magic
 11142 | D:7      | Reached XP level 10. HP: 42/72 MP: 21/21
 11295 | D:7      | Found a runed translucent door.
 11330 | D:7      | Found a runed translucent door.
 11882 | D:7      | Found a runed translucent door.
 11883 | D:7      | Noticed Crazy Yiuf
 11991 | D:7      | Killed Crazy Yiuf
 12497 | D:8      | Found a runed translucent gate.
 12498 | D:8      | Found a runed translucent gate.
 12509 | D:8      | Found a runed translucent gate.
 12509 | D:8      | Noticed SnubMonkey's ghost (novice GnNe)
 12511 | D:8      | Found a viscous altar of Jiyva.
 12643 | D:8      | Reached **** piety under Vehumet
 12790 | D:8      | Noticed a two-headed ogre
 12801 | D:8      | Killed a two-headed ogre
 13411 | D:9      | Learned a level 4 spell: Olgreb's Toxic Radiance
 13414 | D:9      | Learned a level 2 spell: Poisonous Vapours
 13690 | D:9      | Noticed a two-headed ogre
 13695 | D:10     | Entered Level 10 of the Dungeon
 13721 | D:10     | Found a staircase to the Lair.
 13739 | D:10     | Found a transporter.
 13778 | D:10     | Reached XP level 11. HP: 20/80 MP: 23/23
 14094 | D:10     | Noticed an unseen horror
 14097 | D:10     | Killed an unseen horror
 14159 | D:10     | Noticed Johnny's ghost (novice DgGl)
 14174 | D:10     | Offered knowledge of Bolt of Magma by Vehumet.
 14647 | D:10     | Found a white marble altar of Elyvilon.
 14723 | D:10     | Found a transporter.
 14937 | D:11     | Noticed a cyclops
 14957 | D:11     | Killed a cyclops
 14957 | D:11     | Reached skill level 10 in Fighting
 15260 | D:11     | Got an iridescent falchion
 15345 | D:11     | Got a sapphire battleaxe
 15346 | D:11     | Identified the +3 battleaxe "Xodael" {flame, +Fly rPois rC-
                  | Int-2} (You found it on level 11 of the Dungeon)
 15348 | D:11     | Identified the cursed +0 falchion of Certain Death
                  | {protect, rElec rF- rC+ SInv} (You found it on level 11 of
                  | the Dungeon)
 16247 | D:11     | Noticed a brown ugly thing
 16258 | D:11     | Killed a brown ugly thing
 16264 | D:11     | Noticed an unseen horror
 16315 | D:12     | Learned a level 5 spell: Bolt of Magma
 16350 | D:12     | Found a staircase to the Orcish Mines.
 16387 | D:12     | Noticed a two-headed ogre
 16390 | D:12     | Killed a two-headed ogre
 16390 | D:12     | Reached skill level 1 in Fire Magic
 16684 | D:12     | Paralysed by a hornet for 1 turns
 16685 | D:12     | Reached skill level 10 in Spellcasting
 16832 | D:13     | Noticed a red ugly thing
 16857 | D:13     | Found Zusehuj's Book Emporium.
 16886 | D:12     | Noticed a manticore
 16909 | D:11     | Killed an unseen horror
 17142 | D:11     | Reached XP level 12. HP: 88/88 MP: 23/26
 17403 | Lair:1   | Entered Level 1 of the Lair of Beasts
 17765 | Lair:1   | Noticed an eight-headed hydra
 17772 | Lair:1   | HP: 4/88 [eight-headed hydra (10)]
 17775 | Lair:1   | HP: 1/89 [eight-headed hydra (8)]
 17775 | Lair:1   | Demolished by an eight-headed hydra

Levels and vault maps discovered:
D:1:      scummos_arrival_forest, layout_rooms
D:2:      layout_loops_cross, first_ration, bh_walls_and_bars, uniq_natasha,
          uniq_terence
D:3:      minmay_evil_eye, layout_rooms,
          chequers_temple_overflow_statue_of_worship,
          cheibrodos_sewer_entry_bend, small_statue_alley_b, uniq_grinder
D:4:      wad_woods_tower, layout_loops_corners, lemuel_crystal_altar
D:5:      layout_basic, lemuel_coloured_pillars_altar, uniq_ijyb
D:6:      layout_gridville, kennysheep_generic_room_9
D:7:      lemuel_insect_pit, layout_rooms, minmay_temple_entry_drinking_statues,
          grunt_livestock, uniq_crazy_yiuf_cottage, uniq_prince_ribbit1,
          uniq_pikel
D:8:      layout_loops_ring, gammafunk_ghost_ooze
D:9:      cheibrodos_grave_circle, layout_small_grid
D:10:     layout_long_grid, minmay_lair_entry_grove, gammafunk_ghost_stat_death,
          elyvilon_altar_5
D:11:     minmay_weird_star, layout_irregular_city
D:12:     layout_basic, zombieorc1_lemuel, uniq_kirke
D:13:     layout_loops_ring, serial_shops, shop_fountains, kennysheep_mini_moat,
          shop, nicolae_shop_waterfront, shop
Lair:1:   layout_small_grid

Skill      XL: |  1  2  3  4  5  6  7  8  9 10 11 12 |
---------------+-------------------------------------+-----
Stealth        | 3 |  3.7
Fighting       | 1 2 4 6 7 9 10 | 10.7
Spellcasting   | 3 4 6 7 8 10 | 10.2
Ice Magic      | 4 5 7 |  7.0
Poison Magic   | 5 8 9 |  9.9
Fire Magic     | 2 |  2.8
Conjurations   | 2 3 |  3.1
Dodging        | |  2.0

Action                   |  1- 3 |  4- 6 |  7- 9 | 10-12 || total
-------------------------+-------+-------+-------+-------++-------
Melee: Unarmed           |    58 |   170 |   199 |       ||   427
       Constrict         |    17 |    30 |    41 |    35 ||   123
       Tentacles         |    10 |    32 |    33 |    50 ||   125
       Whip              |       |       |       |   217 ||   217
 Fire: Hand crossbow     |       |    69 |     5 |       ||    74
Throw: Stone             |       |       |     2 |     2 ||     4
 Cast: Freeze            |    38 |    57 |    81 |       ||   176
       Throw Frost       |     3 |    15 |    17 |     4 ||    39
       Ozocubu's Armour  |       |     2 |     6 |    10 ||    18
       Throw Icicle      |       |       |    23 |    23 ||    46
       Summon Ice Beast  |       |       |     1 |     2 ||     3
       Poisonous Vapours |       |       |       |    75 ||    75
       Ignite Poison     |       |       |       |    39 ||    39
       Olgreb's Toxic Ra |       |       |       |     7 ||     7
       Bolt of Magma     |       |       |       |     6 ||     6
Evoke: Wand              |       |     1 |    35 |    17 ||    53
  Use: Scroll            |     8 |     5 |     4 |    11 ||    28
       Potion            |     1 |     7 |     8 |     6 ||    22
 Stab: Sleeping          |       |     7 |     7 |     8 ||    22
       Paralysed         |       |       |       |     9 ||     9
  Eat: Ration            |     1 |     2 |     5 |     1 ||     9
       Chunk             |       |     6 |     4 |    36 ||    46
Armor: Skin              |     7 |    16 |    38 |    13 ||    74
Dodge: Dodged            |    57 |   134 |   197 |   194 ||   582
